 Dungeon Crawl Stone Soup version 0.25-a0-598-gc9c9e4cfe1 (webtiles) character file.

Game seed: 2856358341149526478, levelgen mode: deterministic

586 Inarius the Ruffian (level 7, 0/66 HPs)
             Began as a Troll Fighter on Mar 15, 2020.
             Was a Plaything of Xom.
             Slain by a hound skeleton (3 damage)
             ... on level 6 of the Dungeon.
             The game lasted 00:05:47 (3075 turns).

Inarius the Ruffian (Troll Fighter)                 Turns: 3075, Time: 00:05:48

Health: 0/66       AC:  8    Str: 27      XL:     7   Next: 15%
Magic:  6/6        EV:  9    Int:  3 (4)  God:    Xom [...*..]
Gold:   245        SH:  9    Dex:  9      Spells: 6/6 levels left

rFire    . . .     SeeInvis .     - Unarmed
rCold    . . .     Gourm    +   b - +0 kite shield
rNeg     . . .     Faith    .   a - +0 robe
rPois    .         Spirit   .   (helmet restricted)
rElec    .         Reflect  .   j - +1 cloak
rCorr    .         Harm     .   (gloves unavailable)
MR       .....                  (boots unavailable)
Stlth    +.........             (no amulet)
HPRegen  0.61/turn              (no ring)
MPRegen  0.10/turn              (no ring)

@: flying, mesmerised
A: large, unfitting armour, claws 3, fast metabolism 3, gourmand, regeneration
1, shaggy fur 1, tough skin 3
a: Renounce Religion


You were on level 6 of the Dungeon.
You worshipped Xom.
You were a favourite toy of Xom.
You were completely stuffed.

You visited 1 branch of the dungeon, and saw 6 of its levels.

You collected 245 gold pieces.

Inventory:

Missiles
 m - 65 stones (quivered)
 u - 3 large rocks
Armour
 a - a +0 robe (worn)
 b - a +0 kite shield (worn)
 j - a +1 cloak (worn)
Wands
 w - a wand of polymorph (8)
 x - a wand of iceblast (10)
 y - a wand of random effects (16)
Scrolls
 f - 5 scrolls of identify {unknown}
 k - 3 scrolls of blinking {unknown}
 l - a scroll of amnesia {unknown}
 n - a scroll of random uselessness {unknown}
 o - a scroll of enchant armour {unknown}
 p - 2 scrolls of remove curse {unknown}
 q - 3 scrolls of teleportation {unknown}
 r - 2 scrolls of immolation {unknown}
 s - a scroll of fog {unknown}
 t - 3 scrolls of noise {unknown}
Potions
 c - 4 potions of might
 e - a potion of flight
 g - a potion of resistance {unknown}
 h - a potion of lignification {unknown}
 i - a potion of berserk rage {unknown}
 z - a potion of curing {unknown}
Comestibles
 d - 15 rations
 v - 3 chunks of flesh


   Skills:
 + Level 2.6 Fighting
 + Level 0.5 Throwing
 + Level 3.0 Dodging
 * Level 4.3 Shields
 * Level 5.5 Unarmed Combat
 * Level 1.3 Evocations


You had 6 spell levels left.
You didn't know any spells.
Your spell library contained the following spells:

 Spells                   Type           Power        Failure   Level  Hunger
 Beastly Appendage        Tmut           #.....       86%         1    ##.....
 Sticks to Snakes         Tmut           #.......     94%         2    ###....
 Spider Form              Tmut/Pois      #.........   99%         3    ####...
 Ice Form                 Ice/Tmut       #.......     100%        4    #####..
 Blade Hands              Tmut           #.........   100%        5    ######.


Dungeon Overview and Level Annotations

Branches:
Dungeon (6/15)             Temple (0/1) D:6

Altars:
Nemelex Xobeh
Ru
Xom

Annotations:
D:6 Maggie


Innate Abilities, Weirdness & Mutations

You are too large for most types of armour.
You have claws for hands.
Your metabolism is lightning-fast.
You like to eat raw meat.
Your natural rate of healing is unusually fast.
You are covered in fur. (AC +1)
You have extremely tough skin. (AC +3)


Message History

You claw Maggie!
Maggie is almost dead.
The hound skeleton bites you but does no damage.
You block Maggie's attack.
You claw Maggie!
Maggie is almost dead. "Just a minor improvement..."
A door bursts open!
The hound skeleton bites you.
* * * LOW HITPOINT WARNING * * *
Maggie casts a spell at you. The bolt of fire hits you!
* * * LOW HITPOINT WARNING * * *
Xom is mildly amused.
It was a potion of flight.
You feel very buoyant.
You fly up into the air.
Xom is highly amused!
Xom notices you. Xom watches you with interest.
The hound skeleton barely misses you. Maggie barely misses you.
The hound skeleton bites you.
You die...

#.# #.. ..#.# #.####)#.#
#.#..#.#.# #.#..#.#.#
#.#..#.#.#
#.#..#.#.#########
##.####.#<...#.รท........
......@@...........#####
......Z.........#......#
##..###.#.#.......####..
........................
# #.#...#...#.'#######+.
#.#.........#...#...#
###...........#...#...#
#<............#.......#
#.............###._.###


You could see Maggie and a hound skeleton.

Vanquished Creatures
  Edmund (D:5)
  A centaur (D:5)
  A scorpion (D:6)
  A crimson imp (D:5)
  A quasit (D:5)
  A hound (D:6)
  Ijyb (D:5)
  An orc wizard (D:6)
  A worker ant (D:4)
  5 adders
  2 shadow imps
  2 oozes
  An adder skeleton (D:6)
  3 worms
  4 dart slugs
  3 leopard geckos
  8 orcs
  6 giant cockroaches
  4 goblins
  8 hobgoblins
  3 quokkas
  2 ball pythons
  10 bats
  3 frilled lizards
  10 kobolds
  A leopard gecko skeleton (D:6)
  A quokka skeleton (D:4)
  9 rats
94 creatures vanquished.

Notes
Turn   | Place    | Note
-------+----------+-------------------------------------------
     0 | D:1      | Inarius the Troll Fighter began the quest for the Orb.
     0 | D:1      | Reached XP level 1. HP: 22/22 MP: 0/0
   208 | D:1      | Reached XP level 2. HP: 29/29 MP: 1/1
   756 | D:2      | Reached XP level 3. HP: 36/36 MP: 2/2
  1100 | D:2      | Reached skill level 3 in Unarmed Combat
  1227 | D:3      | Reached XP level 4. HP: 43/44 MP: 3/3
  1355 | D:3      | You fall into a shaft and drop 2 floors!
  1355 | D:5      | Entered Level 5 of the Dungeon
  1383 | D:4      | Found a sparkling altar of Nemelex Xobeh.
  2103 | D:4      | Reached XP level 5. HP: 43/50 MP: 4/4
  2539 | D:5      | Reached skill level 4 in Unarmed Combat
  2556 | D:5      | Noticed a centaur
  2562 | D:5      | Killed a centaur
  2562 | D:5      | Reached skill level 1 in Evocations
  2562 | D:5      | Reached XP level 6. HP: 58/59 MP: 5/5
  2587 | D:5      | Found a shimmering altar of Xom.
  2590 | D:5      | Became a worshipper of Xom of Bone-Dry Humour
  2614 | D:5      | XOM: harmless Summ miscast
  2636 | D:5      | Noticed Ijyb
  2642 | D:5      | Killed Ijyb
  2710 | D:5      | Noticed Edmund
  2712 | D:5      | XOM: potion effect (haste)
  2743 | D:5      | Killed Edmund
  2743 | D:5      | Reached skill level 5 in Unarmed Combat
  2942 | D:6      | Found a staircase to the Ecumenical Temple.
  2970 | D:6      | Found a sacrificial altar of Ru.
  3003 | D:6      | Reached XP level 7. HP: 66/66 MP: 6/6
  3030 | D:6      | XOM: stat loss: -1 Int (3/4)
  3031 | D:6      | XOM: confusion (+ monsters)
  3037 | D:6      | XOM: cast spell 'Dispersal'
  3058 | D:6      | Noticed Maggie
  3074 | D:6      | XOM: scenery: 1 doors open
  3074 | D:6      | HP: 2/66 [Maggie/bolt of fire (13)]
  3075 | D:6      | XOM: medium Erth miscast
  3075 | D:6      | Slain by a hound skeleton

Levels and vault maps discovered:
D:1:      dpeg_arrival_snail, layout_basic, minmay_close_crescents
D:2:      minmay_spotlight, layout_rooms, first_ration
D:3:      layout_basic, kennysheep_generic_room_15
D:4:      layout_cave_pools, nemelex_diamond_rough_becter
D:5:      layout_cave_pools, kennysheep_mini, uniq_ijyb, uniq_edmund
D:6:      layout_basic, minmay_temple_entry_offerings, grunt_ministairs_2,
          nicolae_ru_great_annihilating_truth, uniq_maggie

Skill      XL: |  1  2  3  4  5  6 |
---------------+-------------------+-----
Unarmed Combat | 3 4 5 |  5.5
Shields        | 3 4 |  4.3
Evocations     | 1 |  1.3
Dodging        | 3 |  3.0
Fighting       | |  2.6
Throwing       | |  0.5

Action                   |  1- 3 |  4- 6 |  7- 9 || total
-------------------------+-------+-------+-------++-------
Melee: Unarmed           |   117 |   150 |    27 ||   294
Throw: Stone             |    11 |     2 |       ||    13
  Use: Potion            |       |       |     1 ||     1
 Stab: Paralysed         |       |     1 |       ||     1
  Eat: Chunk             |    17 |    16 |     1 ||    34
Armor: Robe              |    40 |    45 |    16 ||   101
Dodge: Dodged            |    36 |    33 |    10 ||    79
Block: Kite shield       |    47 |    62 |    13 ||   122

Table legend:
 A = Non-vault XP
 B = Vault XP
 C = Vault XP percentage of total XP
 D = Non-vault monster count
 E = Vault monster count
 F = Vault count percentage of total count
                 A         B        C        D         E       F
            +---------+---------+-------+---------+---------+-------
      Total |     574 |     264 |  31.5 |      82 |      12 |  12.8
            +---------+---------+-------+---------+---------+-------
        D:1 |      28 |       6 |  17.6 |      19 |       4 |  17.4
        D:2 |      42 |       3 |   6.7 |      16 |       1 |   5.9
        D:3 |      73 |      13 |  15.1 |      22 |       1 |   4.3
        D:4 |      77 |       0 |   0.0 |      10 |       0 |   0.0
        D:5 |     236 |     200 |  45.9 |      10 |       2 |  16.7
        D:6 |     118 |      42 |  26.2 |       5 |       4 |  44.4
            +---------+---------+-------+---------+---------+-------
